 Dungeon Crawl Stone Soup version 0.23.1 (webtiles) character file.

Game seed: 3235067662261947792

122 Kairos the Sneak (level 5, 0/27 HPs)
             Began as a Vine Stalker Assassin on Mar 7, 2019.
             Slain by an orc
             ... wielding a +0 club
              (1 damage)
             ... on level 4 of the Dungeon.
             The game lasted 00:04:22 (2834 turns).

Kairos the Sneak (Vine Stalker Assassin)            Turns: 2834, Time: 00:04:23

Health: 0/27       AC:  3    Str: 15    XL:     5   Next: 6%
Magic:  0/6        EV: 11    Int: 11    God:
Gold:   87         SH:  7    Dex: 15    Spells: 4/4 levels left

rFire    + . .     SeeInvis .   a - +2 dagger
rCold    . . .     Gourm    .   p - +3 buckler (curse)
rNeg     . . .     Faith    .   c - +0 robe
rPois    .         Spirit   +   (no helmet)
rElec    .         Reflect  .   d - +0 cloak
rCorr    .         Harm     .   (no gloves)
MR       .....                  (no boots)
Stlth    +++.......             m - amulet of magic regeneration
HPRegen  0.49/turn              q - ring of protection from fire
MPRegen  0.35/turn              t - ring of flight

@: no status effects
A: fangs 2, regeneration 1, magic shield, antimagic bite, no potion heal 3, rot
immunity
a: Evoke Flight


You were on level 4 of the Dungeon.
You were very hungry.

You visited 1 branch of the dungeon, and saw 4 of its levels.

You collected 87 gold pieces.

Inventory:

Hand Weapons
 a - a +2 dagger (weapon)
 b - a +0 blowgun
Missiles
 e - 8 poisoned needles
 f - 2 curare-tipped needles
Armour
 c - a +0 robe (worn)
 d - a +0 cloak (worn)
 p - a cursed +3 buckler (worn)
Jewellery
 m - an amulet of magic regeneration (around neck)
 q - a ring of protection from fire (left hand)
 t - a ring of flight (right hand)
Scrolls
 i - 3 scrolls of teleportation
 l - 2 scrolls of magic mapping {unknown}
 n - 2 scrolls of noise
 o - 3 scrolls of identify {unknown}
 r - a scroll of fog
 s - a scroll of fear {unknown}
 x - a scroll of remove curse {unknown}
 y - a scroll of enchant armour
Potions
 h - a potion of curing
 j - a potion of brilliance {unknown}
 k - a potion of haste
 u - a potion of might {unknown}
 v - a potion of heal wounds {unknown}
 w - a potion of flight {unknown}
 z - a potion of agility {unknown}
Comestibles
 g - 10 rations


   Skills:
 + Level 2.4 Fighting
 + Level 2.4 Short Blades
 + Level 1.9 Throwing
 + Level 1.1 Dodging
 + Level 6.6 Stealth
 + Level 0.5 Shields


You had 4 spell levels left.
You didn't know any spells.
Your spell library was empty.

Dungeon Overview and Level Annotations

Branches:
Dungeon (4/15)
 Temple: D:4-7

Altars:
Fedhas
Sif Muna

Annotations:
D:3 exclusion: oklob plant


Innate Abilities, Weirdness & Mutations

You have extremely sharp teeth.
Your natural rate of healing is unusually fast.
When hurt, damage is shared between your health and your magic reserves.
Your bite disrupts and absorbs the magic of your enemies.
Potions cannot restore your health.
You are immune to rotting.


Message History

* * * LOW HITPOINT WARNING * * *
The orc hits you with a +0 short sword.
* * * LOW HITPOINT WARNING * * *
The orc hits you but does no damage. Something hits you.
* * * LOW HITPOINT WARNING * * *
You completely miss the orc. You bite the orc. You drain its power.
You feel invigorated.
The orc is almost dead.
The orc hits you but does no damage. Something hits you.
* * * LOW HITPOINT WARNING * * *
The orc misses you.
Unknown command.
You closely miss the orc.
The orc is almost dead.
Something hits you!
* * * LOW HITPOINT WARNING * * *
The orc hits you with a +0 short sword.
* * * LOW HITPOINT WARNING * * *
The orc hits you with a +0 club.
You die...

#..##......'........>.
#..##......#............?...#
...........###'###+###......#
.....................#......#
.....................#.o....#
...##..##.###..#######......#
#####..######..###..#....Z..#
#..........#.o..'.......#
#..........'@o..#.......#
#.....##>..###'##.......#
#.....####'#......o(....#
#.....##...#............#
#..........#............#
#.....######............#
#.....# .......######+##
#.....# .......# #.....#
........#


You could see 2 orcs.

Vanquished Creatures
  3 adders
  5 worms
  2 dart slugs
  2 leopard geckos
  5 orcs
  3 giant cockroaches (D:1)
  10 goblins
  7 hobgoblins
  10 kobolds
  2 quokkas (D:2)
  A ball python (D:3)
  6 bats
  3 frilled lizards (D:2)
  13 rats
72 creatures vanquished.

Notes
Turn   | Place    | Note
-------+----------+-------------------------------------------
     0 | D:1      | Kairos the Vine Stalker Assassin began the quest for the
                  | Orb.
     0 | D:1      | Reached XP level 1. HP: 11/11 MP: 2/2
    80 | D:1      | Reached skill level 5 in Stealth
   127 | D:1      | Reached XP level 2. HP: 12/15 MP: 3/3
   276 | D:1      | Reached skill level 1 in Dodging
   855 | D:1      | Reached XP level 3. HP: 18/18 MP: 4/4
  1209 | D:2      | Reached skill level 6 in Stealth
  1499 | D:2      | Found a deep blue altar of Sif Muna.
  1607 | D:2      | Gained mutation: Your natural rate of healing is unusually
                  | fast. [Vine Stalker growth]
  1607 | D:2      | Reached XP level 4. HP: 23/23 MP: 5/5
  1970 | D:3      | Found a blossoming altar of Fedhas.
  1991 | D:3      | Noticed an oklob plant
  2311 | D:3      | Reached XP level 5. HP: 27/27 MP: 6/6
  2834 | D:4      | HP: 1/27 [orc/+0 short sword (1)]
  2834 | D:4      | Slain by an orc

Skill      XL: |  1  2  3 |
---------------+----------+-----
Fighting       | 2 |  2.4
Stealth        | 5 6 |  6.6
Dodging        | 1 |  1.1
Short Blades   | 2 |  2.4
Throwing       | |  1.9
Shields        | |  0.5

Action                   |  1- 3 |  4- 6 || total
-------------------------+-------+-------++-------
Melee: Dagger            |   109 |    96 ||   205
       Bite              |    24 |    31 ||    55
  Use: Scroll            |     7 |       ||     7
       Potion            |     3 |       ||     3
 Stab: Sleeping          |    13 |    11 ||    24
  Eat: Chunk             |     1 |     4 ||     5
Armor: Robe              |    29 |    12 ||    41
Dodge: Dodged            |    50 |    27 ||    77
Block: Buckler           |     5 |    26 ||    31
